 Dungeon Crawl Stone Soup version 0.23.2 (webtiles) character file.

Game seed: 2747678646102390567

130 myga the Ducker (level 4, -2/24 HPs)
             Began as a Spriggan Abyssal Knight on Apr 7, 2019.
             Was a Believer of Lugonu.
             Slain by Natasha (10 damage)
             ... on level 2 of the Dungeon.
             The game lasted 00:10:06 (2641 turns).

myga the Ducker (Spriggan Abyssal Knight)           Turns: 2641, Time: 00:10:06

Health: -2/24      AC:  3    Str:  9    XL:     4   Next: 89%
Magic:  6/6        EV: 19    Int: 13    God:    Lugonu [**....]
Gold:   71         SH:  0    Dex: 15    Spells: 3/3 levels left

rFire    . . .     SeeInvis +   a - +1 short sword
rCold    . . .     Gourm    .   (shield restricted)
rNeg     . . .     Faith    .   f - +0 robe
rPois    .         Spirit   .   (helmet restricted)
rElec    .         Reflect  .   p - +0 cloak
rCorr    .         Harm     .   (gloves unavailable)
MR       .....                  (boots unavailable)
Stlth    ++........             (no amulet)
HPRegen  0.08/turn              (no ring)
MPRegen  0.10/turn              (no ring)

@: very quick
A: very small, unfitting armour, see invisible, herbivore, speed 3, slow
metabolism 2
a: Depart the Abyss, Bend Space, Renounce Religion


You were on level 2 of the Dungeon.
You worshipped Lugonu.
Lugonu was pleased with you.
You were not hungry.

You visited 1 branch of the dungeon, and saw 2 of its levels.
You visited the Abyss 1 time.

You collected 71 gold pieces.

Inventory:

Hand Weapons
 a - a +1 short sword (weapon)
 m - a +0 hunting sling
 n - a +0 hunting sling
 s - a +0 dagger
 t - a -3 dagger
Missiles
 b - 41 stones (quivered)
Armour
 f - a +0 robe (worn)
 k - a scarf of repulsion
 p - a +0 cloak (worn)
Scrolls
 e - a scroll of teleportation
 g - a scroll of fear
 h - a scroll of immolation
 r - a scroll of fog {unknown}
Potions
 d - 2 potions of flight
 o - a potion of heal wounds
Comestibles
 c - 2 rations


   Skills:
 + Level 3.0 Fighting
 + Level 3.9 Short Blades
 + Level 0.6 Throwing
 + Level 4.3 Dodging
 + Level 2.0 Stealth
 + Level 2.2 Invocations


You had 3 spell levels left.
You didn't know any spells.
Your spell library was empty.

Dungeon Overview and Level Annotations

Branches:
Dungeon (2/15)

Altars:

Annotations:
D:2 Natasha, Sigmund


Innate Abilities, Weirdness & Mutations

You are very small and have problems with some larger weapons.
You are too small for most types of armour.
You have supernaturally acute eyesight. (SInv)
You are a herbivore.
You cover ground extremely quickly.
You need to consume almost no food.


Message History

Natasha is moderately wounded.
Natasha barely misses you.
You closely miss Natasha.
Natasha is moderately wounded.
The iron imp hits you. Natasha casts a spell at you. The magic dart hits you!
The crimson imp hits you but does no damage.
You hit Natasha.
Natasha is heavily wounded.
Natasha misses you. The iron imp closely misses you.
The crimson imp misses you.
You hit Natasha.
Natasha is severely wounded.
Natasha completely misses you.
You hit Natasha but do no damage.
Natasha is severely wounded.
The shadow imp disappears in a puff of smoke!
The crimson imp blinks!
The iron imp closely misses you. Natasha claws you!
You die...

#.# ## #.#
.# #.# )#
#.# )# #.#
.# #.# .#
#.# .# ###5#
.# #h@.# .#
#5###
.###########
#ยง#
...........#
#.#
##########.#
#.# #.# #.#
#.# #.# #.#
#.# #.# #(#


You could see an iron imp, Natasha and a crimson imp.

Vanquished Creatures
  Natasha (D:2)
  3 adders (D:2)
  2 oozes (D:1)
  A worm (D:2)
  A dart slug (D:1)
  2 leopard geckos (D:1)
  3 bats
  2 giant cockroaches
  5 hobgoblins
  11 jackals
  4 kobolds
  A quokka (D:2)
  3 frilled lizards
  14 goblins
  3 rats (D:1)
56 creatures vanquished.

Notes
Turn   | Place    | Note
-------+----------+-------------------------------------------
     0 | Abyss:1  | myga the Spriggan Abyssal Knight began the quest for the
                  | Orb.
     0 | Abyss:1  | Reached XP level 1. HP: 11/11 MP: 3/3
   103 | Abyss:1  | Noticed a ynoxinul
   110 | Abyss:1  | Noticed a wraith
   112 | Abyss:1  | Noticed a flying skull
   125 | D:1      | Escaped the Abyss
   637 | D:1      | Reached XP level 2. HP: 16/16 MP: 4/4
  1005 | D:1      | Reached * piety under Lugonu
  1112 | D:1      | Reached XP level 3. HP: 19/19 MP: 5/5
  1350 | D:1      | Reached skill level 1 in Stealth
  1676 | D:2      | Noticed Sigmund
  1986 | D:2      | Reached ** piety under Lugonu
  2000 | D:2      | Reached skill level 4 in Dodging
  2000 | D:2      | Reached XP level 4. HP: 12/23 MP: 6/6
  2530 | D:2      | Noticed Natasha
  2540 | D:2      | Killed Natasha
  2611 | D:2      | Noticed Natasha
  2641 | D:2      | Slain by Natasha

Skill      XL: |  1  2  3  4 |
---------------+-------------+-----
Invocations    | 2 |  2.2
Stealth        | 1 2 |  2.0
Short Blades   | 3 |  3.9
Dodging        | 4 |  4.3
Fighting       | 3 |  3.0
Throwing       | |  0.6

Action                   |  1- 3 |  4- 6 || total
-------------------------+-------+-------++-------
Melee: Short sword       |   146 |   100 ||   246
Throw: Stone             |    15 |     7 ||    22
Invok: Depart the Abyss  |     1 |       ||     1
  Use: Scroll            |     1 |     4 ||     5
       Potion            |     1 |     2 ||     3
 Stab: Sleeping          |     4 |       ||     4
Armor: Robe              |    10 |    11 ||    21
Dodge: Dodged            |    99 |    90 ||   189
